 Dungeon Crawl Stone Soup version 0.31.0-11-ge490571c62 (webtiles) character file.

Game seed: 16676812748074162081

5749 Gadfly the Ruffian (level 10, -2/74 (76) HPs)
             Began as a Demonspawn Shapeshifter on Jan 27, 2024.
             Was a Follower of Ru.
             Slain by a wight
             ... wielding a +3 halberd
              (11 damage)
             ... on level 9 of the Dungeon.
             The game lasted 00:15:16 (11408 turns).

Gadfly the Ruffian (Demonspawn Shapeshifter)       Turns: 11408, Time: 00:15:17

HP:   -2/74 (76)    AC: 12    Str: 24    XL:     10   Next: 49%
MP:   10/10         EV: 14    Int: 11    God:    Ru [*.....]
Gold: 447           SH:  0    Dex: 13    Spells: 8/9 levels left

rFire   . .          .
                       - Unarmed
rCold   . . .        (no shield)
rNeg    . . .        D - +0 steam dragon scales
rPois   .            (helmet currently unavailable)
rElec   .            x - melded +1 cloak
rCorr   .            (gloves currently unavailable)
SInv    .            q - melded +0 pair of boots
Will    .....        (no amulet)
Stlth   +            f - +4 ring of protection
HPRegen 0.32/turn    A - +6 ring of strength
MPRegen 0.12/turn

%: no passive effects
@: beast-form, lightly drained
A: beast (slay +4), icy blue scales 2, (demonic guardian 2), foul stench 1,
hated by all, weakness stinger 2
a: Begin Untransformation, Renounce Religion


You were on level 9 of the Dungeon.
You worshipped Ru.
Ru was aware of your devotion.
You were a hulking beast.
You visited 2 branches of the dungeon, and saw 10 of its levels.
You also visited: Sewer.

You collected 447 gold pieces.

Inventory:

Hand Weapons
 b - a +6 scythe of flaming
 B - a +3 war axe
Missiles
 y - a throwing net
Armour
 q - a +0 pair of boots (melded)
 x - a +1 cloak (melded)
 D - +0 steam dragon scales (worn)
Jewellery
 a - a ring of fire
 f - a +4 ring of protection (left hand)
 A - a +6 ring of strength (right hand)
Talismans
 c - a beast talisman (active)
 d - a flux talisman
Wands
 l - a wand of flame (23) (quivered)
 n - a wand of paralysis (8)
 z - a wand of digging (7)
Scrolls
 i - a scroll of teleportation
 k - 5 scrolls of identify
 m - 4 scrolls of fear
 r - a scroll of fog
 s - a scroll of blinking
 t - a scroll of enchant weapon
 v - a scroll of enchant armour
Potions
 e - 5 potions of curing
 g - a potion of attraction
 h - 4 potions of heal wounds
 j - a potion of lignification
 o - 2 potions of cancellation
 p - a potion of haste
 u - 4 potions of might
 w - 2 potions of berserk rage


   Skills:
 + Level 6.2 Fighting
 + Level 6.2 Dodging
 * Level 7.8 Unarmed Combat
 + Level 6.2 Evocations
 * Level 7.2 Shapeshifting


You had 8 spell levels left.
You knew the following spells:

 Your Spells              Type           Power      Damage    Failure   Level
a - Apportation           Tloc           0%         N/A       34%         1

Your spell library contained the following spells:

 Spells                   Type           Power      Damage    Failure   Level
 Necrotise                Necr           0%         1d4       34%         1
 Vampiric Draining        Necr           0%         2d6       71%         3
 Volatile Blastmotes      Fire/Tloc      0%         2d10      71%         3
 Fulminant Prism          Conj/Alch      0%         3d5       98%         4
 Iskenderun's Mystic Bla  Conj/Tloc      0%         2d3       98%         4
 Curse of Agony           Necr           0%         N/A       100%        5
 Martyr's Knell           Necr/Summ      Unusable   N/A       N/A         4

Dungeon Overview and Level Annotations

Branches:
Dungeon (9/15)             Temple (1/1) D:5           Sewer (visited)
   Lair: D:8-11         Orc: D:9-12

Altars:
Ashenzari
Cheibriados
Dithmenos
Gozag
Kikubaaqudgha
Nemelex Xobeh
Okawaru
Qazlal
Ru
Sif Muna
Trog
Uskayaw
Vehumet
Xom

Shops:
D:4 (   D:6 (


Innate Abilities, Weirdness & Mutations

You are a hulking beast.
Your limbs bulge with bestial killing power. (Slay +4)
You are mostly covered in icy blue scales. (AC +3)
((A demonic guardian rushes to your aid.))
You may rarely emit foul miasma when damaged in melee.
You are hated by all.
You have a tail ending in a sharp stinger.


Message History

You hit the unseen horror zombie.
The unseen horror zombie is almost destroyed.
The unseen horror zombie misses you.
The unseen horror zombie hits you but does no damage.
The gnoll misses you. The gnoll hits you but does no damage.
The gnoll sergeant misses you.
The unseen horror zombie barely misses you.
You punch the unseen horror zombie!
You destroy the unseen horror zombie!
The gnoll misses you. x2; The gnoll sergeant misses you.
Unknown command.
A kobold brigand comes into view.
It is wielding a +0 dagger and quivering poisoned darts.
The kobold brigand shouts!
You hear a shout!
The gnoll attacks as it pursues you! The gnoll barely misses you.
The gnoll closely misses you. The gnoll hits you but does no damage.
The gnoll sergeant completely misses you.
The wight misses you.
The kobold brigand moves out of view.
You hit the gnoll.
The gnoll is heavily wounded.
A kobold comes into view. It is wielding a +0 club.
A kobold comes into view. It is wielding a +0 short sword.
The gnoll hits you with a +0 club.
You emit a cloud of foul miasma!
The gnoll closely misses you. The gnoll hits you but does no damage.
The gnoll sergeant hits you with a +0 spear.
* * * LOW HITPOINT WARNING * * *
The wight hits you from afar with a +3 halberd!
* * * LOW HITPOINT WARNING * * *
You feel drained.
* * * LOW HITPOINT WARNING * * *
The kobold shouts!
You hit the gnoll.
The gnoll is almost dead.
You punch the gnoll!
You kill the gnoll!
A kobold comes into view. It is wielding a +0 club.
The gnoll is engulfed in dark miasma.
The gnoll is poisoned.
The gnoll closely misses you. The gnoll completely misses you.
The gnoll sergeant is stunned by your conviction and fails to attack.
The wight hits you from afar with a +3 halberd!
You die...

#####.# #.# #. ..
#.########.. ..
#........(.# ###.##
#.########.# .....# #.#
#.# .....## #.# #.#
g.8...# #.# #.##gg....#
#.########.ghKzK...#
#####.......).)###......
......########.# .....
...(..# #.# K... ......#
#.# .K. ......# #.# .K
......# #.# . ......#
#.# ....... ..#


You could see a kobold brigand, a gnoll sergeant, a wight, 3 gnolls and 4
kobolds.

Vanquished Creatures
  A two-headed ogre (D:8)
  5 unseen horror zombies (D:9)
  A komodo dragon (D:9)
  Sigmund (D:2)
  A steam dragon (D:8)
  2 acid dragons (D:9)
  A water moccasin (D:7)
  2 sky beasts
  A black bear (D:6)
  2 ogres (D:6)
  A phantom (D:7)
  A centaur (D:5)
  A kobold brigand (D:8)
  2 bullfrogs (D:8)
  3 scorpions
  A gnoll sergeant (D:5)
  8 wights
  7 killer bees
  3 howler monkeys
  A bombardier beetle (D:5)
  A centaur zombie (D:9)
  A hound (D:4)
  A jelly (D:7)
  6 orc priests
  A gnoll bouda (D:7)
  An iguana (D:5)
  An orc wizard (D:7)
  A hell rat (Sewer)
  A howler monkey zombie (D:9)
  6 gnolls
  6 adders
  2 river rats (Sewer)
  A white imp (D:6)
  A ribbon worm (D:2)
  4 dart slugs
  20 orcs
  12 ball pythons
  7 endoplasms
  7 giant cockroaches
  8 goblins
  6 hobgoblins
  4 jackals
  19 kobolds
  3 quokkas
  5 bats
  5 frilled lizards
  10 rats
185 creatures vanquished.

Vanquished Creatures (collateral kills)
  Prince Ribbit (D:6)
  A scorpion (D:5)
  2 killer bees (D:7)
  2 iguanas
  An orc wizard (D:5)
  3 gnolls
  A river rat (Sewer)
  3 orcs
  An endoplasm (D:1)
  A hobgoblin (D:4)
  3 jackals
  2 rats (Sewer)
21 creatures vanquished.

Grand Total: 206 creatures vanquished

Notes
Turn   | Place    | Note
-------+----------+-------------------------------------------
     0 | D:1      | Gadfly the Demonspawn Shapeshifter began the quest for the
                  | Orb.
     0 | D:1      | Reached XP level 1. HP: 15/15 MP: 1/1
   129 | D:1      | Gained mutation: A weak demonic guardian rushes to your
                  | aid. [demonic ancestry]
   129 | D:1      | Reached XP level 2. HP: 19/21 MP: 2/2
   342 | D:1      | Reached skill level 1 in Evocations
   785 | D:1      | Gained mutation: You are partially covered in icy blue
                  | scales. (AC +2) [demonic ancestry]
   785 | D:1      | Reached XP level 3. HP: 26/26 MP: 3/3
  1146 | D:2      | Found a hazy altar of Hepliaklqana.
  1543 | D:2      | Reached XP level 4. HP: 29/33 MP: 4/4
  1875 | D:2      | Noticed Sigmund
  2577 | D:2      | Killed Sigmund
  2578 | D:2      | Gained mutation: You have a small tail. [demonic ancestry]
  2578 | D:2      | Reached XP level 5. HP: 19/38 MP: 5/5
  2782 | D:3      | Found an iron altar of Okawaru.
  2852 | D:3      | Gained mutation: A demonic guardian rushes to your aid.
                  | [demonic ancestry]
  2852 | D:3      | Reached XP level 6. HP: 22/45 MP: 6/6
  3619 | D:4      | Found an ancient bone altar of Kikubaaqudgha.
  3776 | D:4      | Found Usozeav's Antique Weapon Emporium.
  4014 | D:4      | Found a radiant altar of Vehumet.
  4019 | D:4      | Found a shimmering blue altar of Sif Muna.
  4023 | D:4      | Got Sif Muna's Quarto of Places
  4382 | D:5      | Entered Level 5 of the Dungeon
  4452 | D:5      | Found a staircase to the Ecumenical Temple.
  4461 | Temple   | Entered the Ecumenical Temple
  4469 | Temple   | Became a worshipper of Ru the Awakened
  4543 | D:5      | Found a hide-covered altar of Uskayaw.
  4564 | D:5      | Gained mutation: You have a tail ending in a sharp stinger.
                  | [demonic ancestry]
  4564 | D:5      | Reached XP level 7. HP: 13/51 MP: 7/7
  4817 | D:5      | Found a glowing drain.
  4834 | Sewer    | Entered a sewer
  5278 | D:5      | Found a stormy altar of Qazlal.
  5924 | D:5      | Gained mutation: You are mostly covered in icy blue scales.
                  | (AC +3) [demonic ancestry]
  5924 | D:5      | Reached XP level 8. HP: 37/60 MP: 8/8
  6511 | D:6      | Reached skill level 5 in Unarmed Combat
  6620 | D:6      | Noticed Prince Ribbit
  6633 | D:6      | Killed Prince Ribbit
  7044 | D:6      | Found a sparkling altar of Nemelex Xobeh.
  7162 | D:6      | Reached skill level 5 in Shapeshifting
  7296 | D:6      | Found Tomoak's Antique Weapon Shop.
  7457 | D:6      | Found an opulent altar of Gozag.
  8206 | D:7      | Reached skill level 5 in Dodging
  8206 | D:7      | Gained mutation: You may rarely emit foul miasma when
                  | damaged in melee. [demonic ancestry]
  8206 | D:7      | Reached XP level 9. HP: 35/66 MP: 9/9
  8217 | D:7      | HP: 3/66 [poisoned by a killer bee]
  9060 | D:7      | Reached skill level 5 in Evocations
  9671 | D:8      | Learned a level 1 spell: Apportation
  9698 | D:8      | Reached skill level 5 in Fighting
  9713 | D:8      | Gained mutation: You are hated by all. [Ru sacrifice]
  9713 | D:8      | Reached * piety under Ru
 10115 | D:8      | Noticed a two-headed ogre
 10123 | D:8      | Killed a two-headed ogre
 10411 | D:8      | Found a bloodstained altar of Trog.
 10587 | D:9      | Reached XP level 10. HP: 28/76 MP: 10/10
 10593 | D:9      | HP: 2/76 [komodo dragon (21)]
 11408 | D:9      | Slain by a wight

Illustrated notes

Levels and vault maps discovered:
D:1:      amcnicky_arrival_flooded_fountain, layout_basic
D:2:      layout_basic, basic_altar, minmay_misc_feat_square,
          ebering_dispersal_statue_hall, uniq_sigmund
D:3:      layout_basic, mainiacjoe_overflow_cross_hatched, dk_noncrumbling_4,
          nicolae_hexahallways
D:4:      layout_basic, grunt_temple_overflow_magic_moments, serial_shops,
          nicolae_shop_behind_doors, minmay_goblin_kobold_house
D:5:      layout_loops_corners, mainiacjoe_overflow_alcove_1,
          mainiacjoe_overflow_surrounded_room, minmay_temple_entry_sparse_star,
          portal_sewer_entry_f
D:6:      hellmonk_destroyed_diamonds, layout_gridville,
          nicolae_gozag_cash_rules_everything_around_me, lemuel_round_altar,
          serial_shops, kennysheep_mini, uniq_prince_ribbit1
D:7:      layout_basic, zin_scriptorium
D:8:      layout_loops_ring, lemuel_crystal_altar, minmay_misc_feat_alley
D:9:      layout_small_grid, mainiacjoe_overflow_catwalk, david_lair_shrubbed,
          kennysheep_orc_monster_closet_entryway, serial_undead,
          serial_undead_d, serial_undead_a, serial_undead_b, serial_undead_d
Temple:   hellmonk_temple_rainy

Skill      XL: |  1  2  3  4  5  6  7  8  9 10 |
---------------+-------------------------------+-----
Dodging        | 2 3 4 5 6 |  6.2
Evocations     | 1 2 3 4 5 6 |  6.2
Unarmed Combat | 3 4 5 7 |  7.8
Fighting       | 2 3 4 5 6 |  6.2
Shapeshifting  | 3 4 5 6 7 |  7.2

Action                     |  1- 3 |  4- 6 |  7- 9 | 10-12 || total
---------------------------+-------+-------+-------+-------++-------
  Melee: Unarmed           |   154 |   161 |   316 |    97 ||   728
         Punch             |     3 |     3 |     9 |     6 ||    21
         Tailslap          |       |    17 |    50 |    17 ||    84
         Halberd           |       |       |     3 |       ||     3
 Invoke: Reject Sacrifices |       |       |     1 |       ||     1
         Sacrifice Love    |       |       |     1 |       ||     1
Ability: Begin Untransform |       |     1 |     2 |     1 ||     4
  Evoke: Wand              |       |       |       |     1 ||     1
    Use: Scroll            |     4 |     9 |     8 |       ||    21
         Potion            |       |       |       |     2 ||     2
   Stab: Sleeping          |       |     3 |     2 |       ||     5
         Paralysed         |       |       |       |     2 ||     2
 Armour: Animal skin       |    71 |   100 |   172 |       ||   343
         Steam dragon scal |       |       |    20 |   106 ||   126
  Dodge: Dodged            |    87 |   140 |   196 |   111 ||   534
   Form: Beast             |       |     1 |     2 |     1 ||     4
